 Dungeon Crawl Stone Soup version 0.25-b1-23-ge2ad7d536c (webtiles) character file.

Game seed: 2545936864448172948, levelgen mode: deterministic

89 snowfan the Magician (level 4, -5/30 HPs)
             Began as a Mummy Fire Elementalist on May 30, 2020.
             Slain by a goblin
             ... wielding a +0 club
             ... led by Robin
              (8 damage)
             ... on level 2 of the Dungeon.
             The game lasted 00:11:17 (1845 turns).

snowfan the Magician (Mummy Fire Elementalist)      Turns: 1845, Time: 00:11:18

Health: -5/30      AC:  2    Str: 11    XL:     4   Next: 31%
Magic:  0/10       EV: 12    Int: 15    God:
Gold:   83         SH:  0    Dex: 12    Spells: 10/11 levels left

rFire    x . .     SeeInvis .   c - +0 hunting sling
rCold    + . .     Gourm    .   (no shield)
rNeg     + + +     Faith    .   a - +0 robe
rPois    ∞         Spirit   .   (no helmet)
rElec    .         Reflect  .   (no cloak)
rCorr    .         Harm     .   (no gloves)
MR       .....                  (no boots)
Stlth    ++........             (no amulet)
HPRegen  0.10/turn              (no ring)
MPRegen  0.12/turn              (no ring)

@: very slightly contaminated
A: no food or potions, fire vulnerability, cold resistance 1, negative energy
resistance 3, torment resistance, unbreathing
a: no special abilities


You were on level 2 of the Dungeon.
You were not hungry.

You visited 1 branch of the dungeon, and saw 2 of its levels.

You collected 83 gold pieces.

Inventory:

Hand Weapons
 c - a +0 hunting sling (weapon)
 d - a +0 dagger
Missiles
 e - 2 stones
 h - 13 sling bullets (quivered)
Armour
 a - a +0 robe (worn)
Scrolls
 b - a scroll of fog {unknown}
 g - a scroll of enchant armour {unknown}
 i - 2 scrolls of teleportation {unknown}


   Skills:
 - Level 1.5 Dodging
 - Level 1.5 Stealth
 + Level 4.1 Spellcasting
 - Level 1.0 Conjurations
 + Level 3.6 Fire Magic


You had 10 spell levels left.
You knew the following spells:

 Your Spells              Type           Power        Failure   Level  Hunger
a - Foxfire               Conj/Fire      ##..         7%          1    N/A

Your spell library contained the following spells:

 Spells                   Type           Power        Failure   Level  Hunger
 Conjure Flame            Conj/Fire      ##......     21%         3    N/A
 Inner Flame              Hex/Fire       #.......     26%         3    N/A
 Sticky Flame             Conj/Fire      ##......     56%         4    N/A
 Fireball                 Conj/Fire      ##........   88%         5    N/A

Dungeon Overview and Level Annotations

Branches:
Dungeon (2/15)

Altars:

Annotations:
D:2 Robin


Innate Abilities, Weirdness & Mutations

You do not eat or drink.
Your flesh is vulnerable to fire.
You are immune to poison.
Your flesh is cold resistant. (rC+)
You are immune to negative energy. (rN+++)
You are immune to unholy pain and torment.
You can survive without breathing.


Message History

Casting: Foxfire (safe; 7% risk of failure)
Confirm with . or Enter, or press ? or * to list all spells.
Nothing appears to happen.
The goblin closely misses you. The goblin hits you with a +0 club.
Firing (i - inventory. (/) - cycle)
h - 14 sling bullets (quivered)
Press: ? - help, Shift-Dir - straight line, f - goblin
Aim: a goblin, wielding a +0 club (strong)
You shoot a sling bullet.
The sling bullet barely misses the goblin.
The goblin hits you.
* * * LOW HITPOINT WARNING * * *
Robin says, "Bow before me, strongest of all the hobgoblins!"
The goblin hits you with a +0 club.
* * * LOW HITPOINT WARNING * * *
As you read the scroll labeled TAXIEG FIALESM, it crumbles to dust.
You hear a loud clanging noise!
It was a scroll of noise.
You hear an angry hiss. x2; You hear a shout! x2; You hear an angry hiss.
The goblin closely misses you. The goblin hits you with a +0 club!
You die...

#.# ## #.# ..# .. #.# #.#
.# #.# ##.# .# #g#
...###.####### #.#
#..##<.........###g#######
#..##†.#######(g@gg.......
#..##..#### #####.#######
#..##%....# #.#
......###.# #.# #######
#.# #.# #########.#
######>#
........#.###...##.#
#######)..†......#.# #
###.##.......#


You could see Robin and 3 goblins.

Vanquished Creatures
  Natasha (D:2)
  2 adders (D:2)
  5 dart slugs (D:1)
  7 bats (D:1)
  A giant cockroach (D:1)
  4 goblins
  11 hobgoblins
  2 kobolds (D:1)
  A ball python (D:1)
  2 frilled lizards (D:1)
  A rat (D:1)
37 creatures vanquished.

Vanquished Creatures (others)
  114 foxfires
114 creatures vanquished.

Grand Total: 151 creatures vanquished

Notes
Turn   | Place    | Note
-------+----------+-------------------------------------------
     0 | D:1      | snowfan the Mummy Fire Elementalist began the quest for the
                  | Orb.
     0 | D:1      | Reached XP level 1. HP: 13/13 MP: 4/4
   142 | D:1      | Reached XP level 2. HP: 19/19 MP: 0/5
   475 | D:1      | Reached skill level 1 in Conjurations
   776 | D:1      | Reached skill level 3 in Spellcasting
   975 | D:1      | Reached XP level 3. HP: 24/24 MP: 4/7
  1707 | D:2      | Noticed Natasha
  1711 | D:2      | Killed Natasha
  1711 | D:2      | Reached XP level 4. HP: 30/30 MP: 5/9
  1713 | D:2      | Reached skill level 4 in Spellcasting
  1829 | D:2      | Noticed Robin
  1845 | D:2      | Slain by a goblin

Illustrated notes

Levels and vault maps discovered:
D:1:      minmay_arrival_stair_chambers, layout_loops_ring, minmay_heptomino_d4
D:2:      minmay_roachtagon, layout_loops_ring, uniq_natasha, uniq_robin

Skill      XL: |  1  2  3  4 |
---------------+-------------+-----
Fire Magic     | 3 |  3.6
Conjurations   | 1 |  1.0
Spellcasting   | 3 4 |  4.1
Dodging        | |  1.5
Stealth        | |  1.5

Action                   |  1- 3 |  4- 6 || total
-------------------------+-------+-------++-------
Melee: Dagger            |    11 |       ||    11
 Fire: Hunting sling     |    20 |     2 ||    22
Throw: Stone             |     1 |       ||     1
 Cast: Foxfire           |    68 |    17 ||    85
  Use: Scroll            |       |     1 ||     1
Armor: Robe              |    16 |     1 ||    17
Dodge: Dodged            |    51 |     6 ||    57
